 Dungeon Crawl Stone Soup version 0.21-a0-465-g8120a92d9c (webtiles) character file.

12502 Kaname the Destroyer (level 11, -4/84 HPs)
             Began as a Demonspawn Wizard on Nov 21, 2017.
             Was a High Priest of Vehumet.
             Slain by GordonOverkill's ghost (22 damage)
             ... on level 12 of the Dungeon.
             The game lasted 00:50:14 (10755 turns).

Kaname the Destroyer (Demonspawn Wizard)           Turns: 10755, Time: 00:50:15

Health: -4/84      AC:  4    Str:  7      XL:     11   Next: 63%
Magic:  0/29       EV: 11    Int: 22 (23) God:    Vehumet [*****.]
Gold:   658        SH:  0    Dex: 12      Spells: 4/22 levels left

rFire    . . .     SeeInvis +   a - +8 quarterstaff of Frustration {elec, +Blink rPois MR+}
rCold    . . .     Gourm    .   (shield currently unavailable)
rNeg     . . .     Faith    .   U - +0 troll leather armour
rPois    +         Spirit   +   b - +0 hat
rElec    .         Reflect  .   (no cloak)
rCorr    .         Harm     .   (no gloves)
MR       +....                  (no boots)
Stlth    ++........             l - amulet of regeneration
HPRegen  1.04/turn              x - ring of magical power
MPRegen  0.21/turn              O - ring of see invisible

@: hasted, very quick
A: talons 1, demonic guardian 2, magic shield
a: Renounce Religion, Evoke Blink


You were on level 12 of the Dungeon.
You worshipped Vehumet.
Vehumet was extremely pleased with you.
You were not hungry.

You visited 2 branches of the dungeon, and saw 13 of its levels.

You collected 777 gold pieces.
You spent 119 gold pieces at shops.

Inventory:

Hand Weapons
 a - the +8 quarterstaff of Frustration (weapon) {elec, +Blink rPois MR+}
   (You took it off an orc on level 12 of the Dungeon)

   Occasionally, upon striking a foe, it will discharge some electrical energy
   and cause terrible harm.
   It protects you from poison.
   It affects your resistance to hostile enchantments.
   It lets you blink.
Missiles
 v - 3 throwing nets (quivered)
Armour
 b - a +0 hat (worn)
 U - a +0 troll leather armour (worn)
Jewellery
 l - an amulet of regeneration (around neck)
 x - a ring of magical power (left hand)
 F - an uncursed ring of protection from magic
 N - an uncursed amulet of rage {unknown}
 O - a ring of see invisible (right hand)
 T - an uncursed amulet of harm {unknown}
Wands
 o - a wand of acid (3)
 s - a wand of enslavement (9)
 P - a wand of flame (14)
 R - a wand of digging (6)
Scrolls
 e - 10 scrolls of teleportation
 k - a scroll of immolation {unknown}
 m - 8 scrolls of remove curse
 n - 4 scrolls of fog
 p - 4 scrolls of fear
 q - 2 scrolls of random uselessness {unknown}
 t - a scroll of blinking {unknown}
 u - a scroll of amnesia {unknown}
 w - 3 scrolls of enchant weapon
 y - 2 scrolls of magic mapping
 L - a scroll of summoning {unknown}
 S - a scroll of identify
 X - a scroll of silence {unknown}
Potions
 j - a potion of might
 r - a potion of lignification {unknown}
 z - 2 potions of mutation
 B - a potion of berserk rage {unknown}
 C - 2 potions of invisibility
 D - a potion of agility
 E - 2 potions of flight
 H - a potion of brilliance {unknown}
 J - 2 potions of resistance
 K - 2 potions of haste
 M - 3 potions of degeneration {unknown}
 Q - a potion of magic {unknown}
Books
 c - a book of Minor Magic

   Spells                             Type                      Level
   a - Magic Dart                     Conjuration                  1
   b - Blink                          Translocation                2
   c - Call Imp                       Summoning                    2
   d - Slow                           Hexes                        2
   e - Conjure Flame                  Conjuration/Fire             3
   f - Mephitic Cloud                 Conjuration/Poison/Air       3
 g - a Young Poisoner's Handbook

   Spells                             Type                      Level
   a - Sting                          Conjuration/Poison           1
   b - Poisonous Vapours              Poison/Air                   2
   c - Mephitic Cloud                 Conjuration/Poison/Air       3
   d - Olgreb's Toxic Radiance        Poison                       4
   e - Venom Bolt                     Conjuration/Poison           5
 G - a book of Conjurations

   Spells                             Type                      Level
   a - Magic Dart                     Conjuration                  1
   b - Searing Ray                    Conjuration                  2
   c - Dazzling Spray                 Conjuration/Hexes            3
   d - Fulminant Prism                Conjuration/Hexes            4
   e - Force Lance                    Conjuration/Translocation    4
   f - Iskenderun's Mystic Blast      Conjuration                  4
Comestibles
 d - 14 bread rations
 f - 4 royal jellies
 i - 11 meat rations
 A - 12 fruits


   Skills:
 - Level 7.1 Fighting
 + Level 6.1 Staves
 - Level 1.7 Dodging
 - Level 1.7 Stealth
 - Level 6.0 Spellcasting
 - Level 9.0 Conjurations
   Level 1.0 Summonings
 - Level 0.8 Translocations
 - Level 7.0 Ice Magic
 - Level 6.1 Air Magic
 - Level 6.0 Poison Magic


You had 4 spell levels left.
You knew the following spells:

 Your Spells              Type           Power        Failure   Level  Hunger
a - Magic Dart            Conj           ####         1%          1    None
b - Blink                 Tloc           N/A          14%         2    None
c - Mephitic Cloud        Conj/Pois/Air  #####...     1%          3    #......
d - Iskenderun's Mystic   Conj           #####...     1%          4    ###....
e - Throw Icicle          Conj/Ice       #####...     1%          4    ###....
f - Olgreb's Toxic Radia  Pois           ####....     3%          4    ###....


Dungeon Overview and Level Annotations

Branches:
Dungeon (12/15)            Temple (1/1) D:5            Lair (0/6) D:11
    Orc (0/2) D:9

Altars:
Ashenzari
Cheibriados
Dithmenos
Elyvilon
Fedhas
Gozag
Hepliaklqana
Kikubaaqudgha
Makhleb
Nemelex Xobeh
Okawaru
Qazlal
Ru
Sif Muna
Trog
Uskayaw
Vehumet
Wu Jian
Xom
Yredelemnul
Zin
The Shining One
Jiyva

Shops:
D:9 *   D:11 [

Annotations:
D:12 GordonOverkill's ghost, journeyman DDGl


Innate Abilities, Weirdness & Mutations

You have sharp toenails.
A demonic guardian rushes to your aid.
When hurt, damage is shared between your health and your magic reserves.


Message History

GordonOverkill's ghost is splashed with acid.
GordonOverkill's ghost is severely damaged.
Evoke which item? (* to show all) (? for menu, Esc to quit)
Aiming: Corrosive Bolt (will waste charges)
Press: ? - help, Shift-Dir - straight line, f/p - GordonOverkill's ghost
Aim: GordonOverkill's ghost (severely damaged)
The bolt of acid hits GordonOverkill's ghost.
GordonOverkill's ghost is splashed with acid.
GordonOverkill's ghost is almost destroyed.
Your soul eater disappears in a puff of smoke!
Evoke which item? (* to show all) (? for menu, Esc to quit)
Aiming: Corrosive Bolt (will waste charges)
Press: ? - help, Shift-Dir - straight line, f/p - GordonOverkill's ghost
Aim: GordonOverkill's ghost (almost destroyed)
The bolt of acid misses GordonOverkill's ghost.
GordonOverkill's ghost hits you!
* * * LOW HITPOINT WARNING * * *
Okay, then.
You feel yourself speed up. GordonOverkill's ghost hits you!!
You die...

###########
#.........#
#.#.#..@..#
#.≈≈≈≈≈W..#
#.≈###≈...#
#.≈≈≈≈≈...#
#.≈≈#≈≈...#
##≈≈#≈≈...#
#≈≈#≈≈..[#
#≈≈≈≈≈...#
#≈###≈...#


You could see GordonOverkill's ghost.

Vanquished Creatures
  A two-headed ogre (D:9)
  Pikel (D:7)
  An orange crystal statue (D:12)
  A centaur zombie (D:11)
  A merfolk (D:9)
  2 trolls
  Grinder (D:6)
  A hippogriff (D:10)
  Sigmund (D:4)
  The ghost of GordonOverkill the Magician, an amateur SpCj (D:4)
  A wyvern (D:10)
  A steam dragon (D:10)
  6 yaks (D:9)
  A basilisk (D:11)
  A water moccasin (D:6)
  A black bear (D:7)
  3 ice beasts
  6 orc warriors
  An eye of draining (D:12)
  A necrophage (D:8)
  4 slaves (D:7)
  8 ogres
  4 centaurs
  2 big kobolds
  5 bullfrogs
  Blork the orc (D:6)
  4 scorpions
  A water moccasin skeleton (D:4)
  8 killer bees (D:10)
  6 wights
  5 crimson imps
  10 hounds
  2 quasits
  6 orc priests
  6 centaur skeletons
  7 orc wizards
  3 bullfrog skeletons
  4 iguanas
  8 worker ants
  2 worker ant zombies
  4 gnolls (D:9)
  12 adders
  8 river rats (D:6)
  4 shadow imps
  2 oozes
  An adder zombie (D:5)
  An adder skeleton (D:9)
  2 worms
  2 dart slugs
  4 leopard geckos
  26 orcs
  6 bats
  2 giant cockroaches (D:4)
  11 goblins
  8 hobgoblins
  2 jackals (D:6)
  13 kobolds
  12 quokkas
  2 ball pythons
  7 frilled lizards
  21 rats
  A spectral orc (D:4)
280 creatures vanquished.

Vanquished Creatures (collateral kills)
  A hydra (D:11)
  2 two-headed ogres
  A centaur zombie (D:12)
  3 yaks (D:9)
  A phantom (D:9)
  A centaur (D:8)
  A crocodile (D:9)
  A gnoll sergeant (D:9)
  A wight (D:6)
  An orc priest (D:12)
  An orc wizard (D:9)
  2 worker ants
  A river rat (D:6)
  5 orcs
  3 rats (D:6)
25 creatures vanquished.

Grand Total: 305 creatures vanquished

Notes
Turn   | Place    | Note
-------+----------+-------------------------------------------
     0 | D:1      | Kaname the Demonspawn Wizard began the quest for the Orb.
     0 | D:1      | Reached XP level 1. HP: 13/13 MP: 4/4
   161 | D:1      | Reached skill level 2 in Conjurations
   200 | D:1      | Gained mutation: When hurt, damage is shared between your health and your magic reserves. [demonic ancestry]
   200 | D:1      | Reached XP level 2. HP: 19/19 MP: 1/6
   726 | D:1      | Reached skill level 3 in Conjurations
   729 | D:1      | Reached XP level 3. HP: 24/24 MP: 5/7
   972 | D:2      | Found a radiant altar of Vehumet.
  1001 | D:2      | Became a worshipper of Vehumet
  1134 | D:2      | Found a bloodstained altar of Trog.
  1295 | D:2      | Found a glowing golden altar of the Shining One.
  1734 | D:2      | Reached skill level 4 in Conjurations
  1734 | D:2      | Reached XP level 4. HP: 6/30 MP: 1/8
  2409 | D:3      | Found a sacrificial altar of Ru.
  2459 | D:3      | Reached XP level 5. HP: 13/35 MP: 1/9
  2549 | D:4      | Reached skill level 5 in Conjurations
  2651 | D:4      | Learned a level 2 spell: Blink
  2655 | D:4      | Learned a level 3 spell: Mephitic Cloud
  2735 | D:4      | Reached skill level 6 in Conjurations
  2767 | D:4      | Noticed Sigmund
  2783 | D:4      | Noticed GordonOverkill's ghost (amateur SpCj)
  2827 | D:4      | Killed Sigmund
  2827 | D:4      | Gained mutation: You have sharp toenails. [demonic ancestry]
  2827 | D:4      | Reached XP level 6. HP: 14/41 MP: 0/12
  3042 | D:5      | Entered Level 5 of the Dungeon
  3211 | D:5      | Reached * piety under Vehumet
  3211 | D:5      | Offered knowledge of Sting by Vehumet.
  3259 | D:5      | Reached skill level 5 in Spellcasting
  3259 | D:5      | Gained mutation: A weak demonic guardian rushes to your aid. [demonic ancestry]
  3259 | D:5      | Reached XP level 7. HP: 26/46 MP: 10/14
  3524 | D:5      | Found a staircase to the Ecumenical Temple.
  3551 | Temple   | Entered the Ecumenical Temple
  3832 | D:4      | Found a basalt altar of Yredelemnul.
  3839 | D:4      | Reached skill level 1 in Poison Magic
  3936 | D:4      | Learned a level 4 spell: Iskenderun's Mystic Blast
  4017 | D:4      | Found a sparkling altar of Nemelex Xobeh.
  4069 | D:4      | Killed GordonOverkill's ghost
  4227 | D:6      | Reached XP level 8. HP: 50/52 MP: 17/17
  4296 | D:6      | Noticed Grinder
  4340 | D:6      | Killed Grinder
  4478 | D:6      | Reached skill level 7 in Conjurations
  4481 | D:6      | Reached ** piety under Vehumet
  4481 | D:6      | Offered knowledge of Sandblast by Vehumet.
  4824 | D:6      | Noticed Blork the orc
  4832 | D:6      | Reached skill level 8 in Conjurations
  4845 | D:6      | Killed Blork the orc
  5081 | D:6      | Reached skill level 9 in Conjurations
  5084 | D:6      | Offered knowledge of Ignite Poison by Vehumet.
  5088 | D:6      | Reached skill level 1 in Air Magic
  5340 | D:7      | Reached XP level 9. HP: 54/57 MP: 18/18
  5628 | D:7      | Noticed Pikel
  5642 | D:7      | Killed Pikel
  5805 | D:7      | Reached skill level 5 in Air Magic
  5976 | D:8      | Reached *** piety under Vehumet
  6057 | D:8      | Reached skill level 5 in Poison Magic
  6250 | D:8      | Found a shattered altar of Ashenzari.
  6316 | D:8      | Reached skill level 1 in Fighting
  6669 | D:9      | Offered knowledge of Throw Icicle by Vehumet.
  6682 | D:9      | Learned a level 4 spell: Throw Icicle
  7046 | D:9      | Found Abudghius's Assorted Antiques.
  7053 | D:9      | Bought a bubbling coppery potion for 22 gold pieces
  7053 | D:9      | Bought a scroll of identify for 50 gold pieces
  7053 | D:9      | Bought a scroll labeled POMAOJ SUIDEL for 25 gold pieces
  7053 | D:9      | Bought a blue potion for 22 gold pieces
  7082 | D:9      | Learned a level 4 spell: Olgreb's Toxic Radiance
  7115 | D:9      | Noticed a merfolk
  7120 | D:9      | Killed a merfolk
  7120 | D:9      | Reached skill level 5 in Fighting
  7120 | D:9      | Reached XP level 10. HP: 70/74 MP: 13/19
  7179 | D:9      | Found an iron altar of Okawaru.
  7185 | D:9      | Found a glowing silver altar of Zin.
  7375 | D:9      | Found a deep blue altar of Sif Muna.
  7433 | D:9      | Reached skill level 1 in Ice Magic
  7435 | D:9      | Reached **** piety under Vehumet
  7666 | D:9      | Offered knowledge of Yara's Violent Unravelling by Vehumet.
  7666 | D:9      | Reached skill level 5 in Ice Magic
  7933 | D:9      | Found a staircase to the Orcish Mines.
  7970 | D:9      | Noticed a two-headed ogre
  7975 | D:9      | Killed a two-headed ogre
  8016 | D:9      | Found an ornate altar of the Wu Jian Council.
  8167 | D:10     | Entered Level 10 of the Dungeon
  8622 | D:10     | You fall through a shaft for 2 floors!
  8635 | D:12     | Reached ***** piety under Vehumet
  8635 | D:12     | Offered knowledge of Bolt of Magma by Vehumet.
  8683 | D:12     | Gained mutation: A demonic guardian rushes to your aid. [demonic ancestry]
  8683 | D:12     | Reached XP level 11. HP: 52/80 MP: 9/20
  8717 | D:12     | Noticed GordonOverkill's ghost (journeyman DDGl)
  8950 | D:11     | Noticed a seven-headed hydra
  8954 | D:11     | Killed a seven-headed hydra
  9202 | D:11     | Found a staircase to the Lair.
  9314 | D:11     | Reached skill level 1 in Staves
  9430 | D:11     | Found Yboel's Armour Emporium.
  9447 | D:11     | Noticed a two-headed ogre
  9453 | D:11     | Killed a two-headed ogre
  9818 | D:10     | Noticed a two-headed ogre
  9836 | D:10     | Killed a two-headed ogre
 10090 | D:10     | Reached skill level 5 in Staves
 10335 | D:12     | Noticed an orange crystal statue
 10356 | D:12     | Killed an orange crystal statue
 10624 | D:12     | Got a faintly glowing quarterstaff {elec}
 10637 | D:12     | Identified the +8 quarterstaff of Frustration {elec, +Blink rPois MR+} (You took it off an orc on level 12 of the Dungeon)
 10755 | D:12     | Slain by GordonOverkill's ghost

Vault maps used:
D:1:      minmay_arrival_up_and_down
D:2:      minmay_wonky_spiral, vehumet_crystals, tso_oasis_becter,
          lightli_temple_of_fire, first_bread
D:3:      lemuel_coloured_pillars_altar
D:4:      yredelemnul_forgotten_temple_becter, kennysheep_mini, uniq_sigmund
D:5:      minmay_temple_entry_overgrown
D:6:      lemuel_ratsnest, uniq_blork_the_orc, uniq_grinder
D:7:      uniq_pikel
D:8:      ashenzari_altar_1
D:9:      kennysheep_mini_moat, nicolae_overflow_hidden_temple,
          amethyst_overflow_temple_binary, david_orc_4, serial_shops, shop,
          hangedman_fish_farm
D:11:     lair_entry_dummy, serial_shops, shop, lemuel_nasty_fountain
D:12:     serial_shops, nicolae_shop_waterfront, minivault_15,
          minmay_crystal_water
Temple:   pf_slimified_temple

Skill      XL: |  1  2  3  4  5  6  7  8  9 10 11 |
---------------+----------------------------------+-----
Conjurations   | 2 3 4 6 9 |  9.0
Spellcasting   | 4 5 6 |  6.0
Poison Magic   | 3 4 6 |  6.0
Air Magic      | 1 5 6 |  6.1
Fighting       | 5 7 |  7.1
Ice Magic      | 7 |  7.0
Staves         | 6 |  6.1
Dodging        | |  1.7
Stealth        | |  1.7
Summonings     | |  1.0
Translocations | |  0.8

Action                   |  1- 3 |  4- 6 |  7- 9 | 10-12 || total
-------------------------+-------+-------+-------+-------++-------
Melee: Unarmed           |     3 |       |       |       ||     3
       Whip              |     8 |       |       |       ||     8
       Dagger            |   164 |   124 |   212 |       ||   500
       Kick              |       |     2 |    63 |    38 ||   103
       War axe           |       |       |   126 |       ||   126
       Trident           |       |       |    22 |   269 ||   291
       Quarterstaff      |       |       |       |    12 ||    12
 Cast: Magic Dart        |    30 |    26 |    33 |       ||    89
       Mephitic Cloud    |       |     1 |     3 |     1 ||     5
       Iskenderun's Myst |       |       |    56 |    46 ||   102
       Throw Icicle      |       |       |       |    25 ||    25
       Olgreb's Toxic Ra |       |       |       |    17 ||    17
       Blink             |       |       |       |    17 ||    17
Evoke: Wand              |       |       |       |    20 ||    20
  Use: Scroll            |     3 |     2 |    10 |       ||    15
       Potion            |     3 |     1 |     3 |     2 ||     9
 Stab: Sleeping          |     5 |     6 |     3 |     4 ||    18
       Distracted        |       |       |     3 |     2 ||     5
       Confused          |       |       |     1 |       ||     1
  Eat: Chunk             |     1 |     2 |    19 |    11 ||    33
       Bread ration      |       |     1 |       |     1 ||     2
       Fruit             |       |       |       |     9 ||     9
Armor: Robe              |    55 |    11 |    42 |    17 ||   125
       Troll leather arm |       |       |       |     8 ||     8
Dodge: Dodged            |   119 |    63 |   183 |   158 ||   523
Block: Buckler           |    16 |    12 |    68 |    41 ||   137

Table legend:
 A = Spawn XP
 B = Non-spawn XP
 C = Spawn XP percentage of total XP
 D = Spawn monster count
 E = Non-spawn monster count
 F = Spawn count percentage of total count
 G = Total turns spent on level
                    A         B        C        D         E        F      G
               +---------+---------+-------+---------+---------+-------+---------
         Total |       0 |   17861 |   0.0 |       0 |     301 |   0.0 | 10755
               +---------+---------+-------+---------+---------+-------+---------
           D:1 |       0 |      42 |   0.0 |       0 |      26 |   0.0 |   902
           D:2 |       0 |      79 |   0.0 |       0 |      14 |   0.0 |   885
           D:3 |       0 |      82 |   0.0 |       0 |      17 |   0.0 |   754
           D:4 |       0 |     773 |   0.0 |       0 |      21 |   0.0 |   876
           D:5 |       0 |     448 |   0.0 |       0 |      21 |   0.0 |   698
           D:6 |       0 |    1351 |   0.0 |       0 |      54 |   0.0 |  1081
           D:7 |       0 |    1051 |   0.0 |       0 |       8 |   0.0 |   690
           D:8 |       0 |    1071 |   0.0 |       0 |      19 |   0.0 |   667
           D:9 |       0 |    4567 |   0.0 |       0 |      51 |   0.0 |  1508
          D:10 |       0 |    3213 |   0.0 |       0 |      33 |   0.0 |  1176
          D:11 |       0 |    3174 |   0.0 |       0 |      18 |   0.0 |   833
          D:12 |       0 |    2010 |   0.0 |       0 |      19 |   0.0 |   579
               +---------+---------+-------+---------+---------+-------+---------
